 Dungeon Crawl Stone Soup version 0.28.0-53-g5a82cb258f (webtiles) character file.

Game seed: 12783928400529663876

490 funkygono the Covered (level 6, -6/56 HPs)
             Began as a Minotaur Fighter on July 7, 2022.
             Was an Initiate of Okawaru.
             Killed by vampiric draining
             ... invoked by a vampire
              (17 damage)
             ... on level 5 of the Dungeon.
             The game lasted 00:06:11 (4618 turns).

funkygono the Covered (Minotaur Fighter)            Turns: 4618, Time: 00:06:11

Health: -6/56      AC: 11    Str: 23    XL:     6   Next: 90%
Magic:  5/5        EV:  8    Int:  5    God:    Okawaru [......]
Gold:   301        SH:  4    Dex:  9    Spells: 5/5 levels left

rFire   . . .      SeeInvis .   a - +1 long sword
rCold   . . .      Faith    .   c - +0 buckler
rNeg    . . .      Spirit   .   o - +0 chain mail
rPois   .          Reflect  .   (helmet restricted)
rElec   .          Harm     .   (no cloak)
rCorr   .          Rampage  .   (no gloves)
Will    .....                   g - +0 pair of boots
Stlth   ..........              l - amulet of magic regeneration
HPRegen 0.18/turn               (no ring)
MPRegen 0.49/turn               (no ring)

@: mighty
A: horns 2, retaliatory headbutt
a: Renounce Religion


You were on level 5 of the Dungeon.
You worshipped Okawaru.
Okawaru was noncommittal.
You visited 2 branches of the dungeon, and saw 6 of its levels.

You collected 301 gold pieces.

Inventory:

Hand Weapons
 a - a +1 long sword (weapon)
 b - a +3 spear
Missiles
 i - 3 curare-tipped darts (quivered)
 m - 3 poisoned darts
Armour
 c - a +0 buckler (worn)
 g - a +0 pair of boots (worn)
 n - an orb of energy
 o - a +0 chain mail (worn)
Jewellery
 l - an amulet of magic regeneration (around neck)
Scrolls
 e - a scroll of fear
Potions
 d - 2 potions of might
 f - a potion of brilliance
 h - a potion of heal wounds {unknown}
 j - 2 potions of haste
 k - 2 potions of lignification
 p - a potion of attraction {unknown}
 q - a potion of degeneration {unknown}


   Skills:
 + Level 5.3 Fighting
 + Level 5.7 Long Blades
 + Level 5.8 Armour
 + Level 1.7 Dodging
 + Level 4.4 Shields


You had 5 spell levels left.
You didn't know any spells.
Your spell library contained the following spells:

 Spells                   Type           Power      Damage    Failure   Level
 Magic Dart               Conj           0%         1d3       99%         1
 Ensorcelled Hibernation  Hex/Ice        0%         N/A       100%        2
 Passwall                 Tmut/Erth      0%         N/A       100%        2
 Static Discharge         Conj/Air       0%         N/A       100%        2
 Mephitic Cloud           Conj/Pois/Air  0%         N/A       100%        3
 Spider Form              Tmut/Pois      0%         N/A       100%        3
 Swiftness                Air            0%         N/A       100%        3
 Anguish                  Hex/Necr       0%         N/A       100%        4
 Lightning Bolt           Conj/Air       0%         1d11      100%        5
 Maxwell's Capacitive Co  Air            0%         ∞         100%        8
 Call Imp                 Summ           Unusable   N/A       N/A         2

Dungeon Overview and Level Annotations

Branches:
Dungeon (5/15)             Temple (1/1) D:4

Altars:
Ashenzari
Cheibriados
Dithmenos
Elyvilon
Fedhas
Gozag
Hepliaklqana
Kikubaaqudgha
Makhleb
Nemelex Xobeh
Okawaru
Qazlal
Ru
Trog
Uskayaw
Vehumet
Wu Jian
Xom
Yredelemnul
The Shining One


Innate Abilities, Weirdness & Mutations

You have a pair of horns on your head.
You reflexively headbutt those who attack you in melee.


Message History

There is a staircase back to the Dungeon here.
You climb upwards.
Welcome back to the Dungeon!
There is a staircase to the Ecumenical Temple here.
Done exploring.
Okay, then.
Search for what [Enter for "armour", or ? for help]? armour
(D) Dungeon (T) Temple
Where to? (Enter - D:4, ? - help)
What level of the Dungeon? (default 1, ? - help)
There is an escape hatch in the floor here.
There is a stone staircase leading down here.
You climb downwards.
There is a stone staircase leading up here.
A vampire is nearby!
Okay, then.
Okay, then.
You feel very mighty all of a sudden.
You slash the vampire! You headbutt the vampire.
The vampire is moderately damaged.
The vampire hits you!
The vampire bites you but does no damage.
You slash the vampire!
The vampire is severely damaged.
The vampire hits you!
The vampire bites you but does no damage.
The vampire draws life force from you!
The vampire is healed by the life force!
You slash the vampire!
The vampire is heavily damaged.
The vampire barely misses you. You furiously retaliate!
You headbutt the vampire! You block the vampire's attack.
You closely miss the vampire.
The vampire is severely damaged.
The vampire draws life force from you!
* * * LOW HITPOINT WARNING * * *
The vampire is healed by the life force!
You barely miss the vampire.
The vampire is heavily damaged.
The vampire draws life force from you!
You die...

.# .# .# .#
#####.# #.....#
..##.#<..######
........@V......
...##.....######
#######


You could see a vampire.

Vanquished Creatures
  3 orc priests (D:3)
  A hound (D:4)
  A gnoll shaman (D:3)
  A jelly (D:4)
  2 orc wizards
  A hound skeleton (D:4)
  7 gnolls
  A howler monkey skeleton (D:4)
  3 adders
  An ufetubus (D:3)
  2 adder skeletons (D:4)
  2 worms
  3 dart slugs
  17 orcs
  8 ball pythons
  8 bats
  5 endoplasms
  3 giant cockroaches
  8 goblins
  12 hobgoblins
  8 jackals
  5 quokkas
  6 kobolds
  6 rats
114 creatures vanquished.

Vanquished Creatures (others)
  2 plants (D:3)
2 creatures vanquished.

Grand Total: 116 creatures vanquished

Notes
Turn   | Place    | Note
-------+----------+-------------------------------------------
     0 | D:1      | funkygono the Minotaur Fighter began the quest for the Orb.
     0 | D:1      | Reached XP level 1. HP: 19/19 MP: 0/0
    46 | D:1      | Reached XP level 2. HP: 14/27 MP: 1/1
   320 | D:1      | Reached XP level 3. HP: 33/33 MP: 2/2
   683 | D:1      | Found a faded altar of an unknown god.
   956 | D:2      | Reached XP level 4. HP: 39/41 MP: 3/3
  1905 | D:3      | Found a radiant altar of Vehumet.
  1943 | D:3      | Found a sacrificial altar of Ru.
  2073 | D:3      | Reached XP level 5. HP: 47/47 MP: 4/4
  2142 | D:3      | You fall into a shaft and drop 2 floors!
  2142 | D:5      | Entered Level 5 of the Dungeon
  2149 | D:5      | Noticed a centaur
  2199 | D:4      | Reached skill level 5 in Long Blades
  2199 | D:4      | Reached skill level 5 in Armour
  2379 | D:3      | Reached skill level 1 in Dodging
  2379 | D:3      | Reached XP level 6. HP: 51/53 MP: 5/5
  2991 | D:3      | Reached skill level 5 in Fighting
  4170 | D:4      | Found a staircase to the Ecumenical Temple.
  4442 | Temple   | Entered the Ecumenical Temple
  4474 | Temple   | Became a worshipper of Warmaster Okawaru
  4611 | D:5      | Noticed a vampire
  4618 | D:5      | Killed from afar by a vampire

Illustrated notes

Levels and vault maps discovered:
D:1:      erik_arrival_triangle_large, layout_rooms,
          nicolae_ecumenical_lake_church
D:2:      minmay_razor_zed, layout_basic
D:3:      layout_loops_cross, nicolae_ru_awakened_eye, nicolae_vehumet_radiance,
          st_stairs_6, corexii_shack, minmay_misc_feat_ornament
D:4:      minmay_chambers_of_fours, layout_basic, minmay_temple_entry_poolview,
          st_stairs_2, minmay_pentangle
D:5:      minmay_spotlight, layout_basic, lemuel_blue_sif_altar
Temple:   mainiacjoe_temple_coin_purse

Skill      XL: |  1  2  3  4  5  6 |
---------------+-------------------+-----
Fighting       | 4 5 |  5.3
Armour         | 4 5 |  5.8
Shields        | 4 |  4.4
Long Blades    | 3 4 5 |  5.7
Dodging        | 1 |  1.7

Action                   |  1- 3 |  4- 6 || total
-------------------------+-------+-------++-------
Melee: Long sword        |    70 |   168 ||   238
       Headbutt          |    14 |    21 ||    35
  Use: Scroll            |       |     5 ||     5
       Potion            |       |     2 ||     2
Armor: Scale mail        |    33 |    40 ||    73
       Chain mail        |       |    29 ||    29
Dodge: Dodged            |    35 |    76 ||   111
Block: Buckler           |    14 |    29 ||    43
